AoeStats
← GambitBoyNC

Arabia

509853902Analyzed
3v3 RM · 4d ago on Sep 28, 2026· 62m 17s· 6 players
Game mode
Random Map
Map size
Normal (6 player)
Population
200
Speed
Normal
Resources
Standard
Victory
Conquest
Starting age
Dark Age
Ending age
Imperial Age
RankedLock teamsTeams togetherTeam positionsShared explorationLock speedFull tech treeHidden civsTurbo modeCheats
Victory
Defeat
🇫🇷 Sicilians · France
827
+11
🇫🇷 Spanish · France
692
+17
🇳🇨 Franks · New Caledonia
677
+17
🇫🇷 Burgundians · France
729
-16
🇩🇪 Saracens · Germany
715
-15
🇵🇱 Ethiopians · Poland
689
-14
Dankemerkel21
13:59 Feudal Age
20:25 Castle Age
19:16 Double-Bit Axe
19:13 Horse Collar
19:36 Gold Mining
21:22 Bow Saw
21:14 Heavy Plow
22:30 Gold Shaft Mining
27:19 Wheelbarrow
29:20 Hand Cart
28:52 Town Watch
28:55 Loom
36:05 Town Patrol
41:28 Imperial Age
41:42 Forging
41:37 Scale Barding Armor
42:43 Elite Mameluke
43:44 Conscription
44:00 Hoardings
45:48 Two-Man Saw
45:44 Iron Casting
45:29 Chain Barding Armor
45:02 Stone Mining
47:01 Chemistry
46:22 Ballistics
46:14 Fortified Wall
46:35 Careening
46:23 Murder Holes
46:24 Arrowslits
46:50 Masonry
50:03 Blast Furnace
49:55 Plate Barding Armor
52:16 Thumb Ring
52:42 Siege Engineers
vince69140
10:34 Loom
12:19 Feudal Age
11:45 Double-Bit Axe
14:01 Bow Saw
18:16 Horse Collar
20:11 Forging
20:02 Scale Mail Armor
21:32 Fletching
21:43 Padded Archer Armor
23:58 Castle Age
23:28 Heavy Plow
27:26 Scale Barding Armor
31:41 Husbandry
32:23 Light Cavalry
42:15 Gold Mining
42:54 Squires
43:04 Pikeman
43:32 Arson
44:38 Gold Shaft Mining
46:21 Iron Casting
46:02 Chain Mail Armor
47:31 Chain Barding Armor
47:26 Leather Archer Armor
46:35 Man-at-Arms
47:10 Stone Mining
48:30 Bodkin Arrow
49:30 Wheelbarrow
48:41 Town Watch
54:25 Crop Rotation
59:43 Imperial Age
57:57 Wheelbarrow
Donald Kieł
10:45 Loom
13:09 Feudal Age
13:36 Double-Bit Axe
14:28 Wheelbarrow
14:39 Horse Collar
16:35 Gold Mining
22:45 Castle Age
22:00 Fletching
22:12 Padded Archer Armor
22:50 Stone Mining
23:16 Scale Mail Armor
24:20 Heavy Plow
24:34 Bow Saw
24:13 Crossbowman
28:21 Thumb Ring
35:38 Bodkin Arrow
44:27 Leather Archer Armor
jono
14:25 Feudal Age
13:47 Loom
20:36 Castle Age
18:49 Double-Bit Axe
22:28 Bow Saw
24:08 Forging
24:22 Town Watch
25:12 Wheelbarrow
26:59 Gold Mining
28:46 Town Patrol
32:09 Hand Cart
32:32 Iron Casting
32:02 Scale Barding Armor
32:12 Husbandry
34:45 Chain Barding Armor
35:10 Gold Shaft Mining
34:28 Stone Mining
36:19 Hand Cart
40:02 Imperial Age
44:16 Blast Furnace
43:51 Plate Barding Armor
45:00 Cavalier
45:03 Light Cavalry
47:19 Chivalry
46:42 Ordonnance Companies
48:31 Caravan
49:34 Paladin
53:53 Ballistics
53:43 Masonry
53:14 Treadmill Crane
54:01 Conscription
chazychaz
4:26 Loom
11:16 Feudal Age
11:41 Horse Collar
11:47 Double-Bit Axe
11:54 Loom
16:23 Castle Age
19:42 Wheelbarrow
20:21 Stone Mining
22:12 Town Watch
22:55 Scale Mail Armor
24:48 Bow Saw
25:14 Gold Mining
28:52 Hand Cart
32:35 Fletching
37:07 Imperial Age
35:49 Stone Shaft Mining
35:54 Gold Shaft Mining
35:29 Heavy Plow
35:28 Bodkin Arrow
35:49 Chain Mail Armor
35:45 Forging
37:13 Scale Barding Armor
38:21 Husbandry
38:32 Bloodlines
43:20 Hauberk
43:41 Chain Barding Armor
43:23 Bracer
45:33 Plate Barding Armor
44:23 Cavalier
46:25 Iron Casting
46:15 Conscription
47:31 Hoardings
47:07 Herbal Medicine
49:28 Blast Furnace
50:18 Chemistry
49:38 Ballistics
49:29 Masonry
49:25 Siege Engineers
49:56 Elite Serjeant
51:09 Plate Mail Armor
53:11 Padded Archer Armor
53:32 Guilds
53:20 Murder Holes
55:17 Leather Archer Armor
55:00 Elite Skirmisher
56:16 First Crusade
58:02 Caravan
61:06 Caravan
GambitBoyNC
8:17 Loom
12:01 Feudal Age
17:46 Castle Age
17:10 Double-Bit Axe
17:12 Horse Collar
20:22 Gold Mining
34:29 Forging
34:16 Fletching
34:27 Padded Archer Armor
36:00 Bow Saw
38:08 Bodkin Arrow
38:28 Leather Archer Armor
38:18 Heavy Plow
40:22 Fervor
45:25 Wheelbarrow
44:37 Town Watch
45:45 Stone Mining
46:49 Ballistics
46:26 Murder Holes
46:52 Masonry
51:41 Imperial Age
49:16 Town Patrol
49:49 Hand Cart
51:36 Caravan
52:02 Forging
51:52 Scale Mail Armor
51:58 Scale Barding Armor
53:32 Hoardings
53:21 Conscription
54:00 Ring Archer Armor
53:30 Bracer
54:07 Iron Casting
53:47 Chain Mail Armor
54:25 Stone Shaft Mining
54:33 Architecture
55:13 Chemistry
55:54 Elite Conquistador
58:06 Guilds
59:43 Two-Man Saw
59:49 Thumb Ring
59:07 Elite Skirmisher
62:22 Blast Furnace
61:44 Chain Barding Armor
61:55 Plate Mail Armor
Connection lost

Rejoining the realm…

Still unreachable

The connection could not be restored.

Session expired

The server has moved on; the page needs a fresh start.